 Dungeon Crawl Stone Soup version 0.31.0-32-g396128a36d (webtiles) character file.

Game seed: 5850693278190608260

5678 monsoonserge the Grappler (level 10, -2/115 HPs)
             Began as a Gnoll Shapeshifter on Mar 8, 2024.
             Was an Initiate of Gozag.
             Constricted to death by Erica (4 damage)
             ... on level 8 of the Dungeon.
             The game lasted 00:20:26 (7928 turns).

monsoonserge the Grappler (Gnoll Shapeshifter)      Turns: 7928, Time: 00:20:28

Health: -2/115     AC:  4    Str: 24    XL:     10   Next: 75%
Magic:  9/9        EV: 15    Int: 10    God:    Gozag
Gold:   915        SH:  0    Dex: 11    Spells: 20/20 levels left

rFire   . .          .
                       - Unarmed
rCold   + . .        (shield currently unavailable)
rNeg    + + +        h - melded +0 ring mail
rPois   +            A - +0 helmet
rElec   .            I - +1 cloak {Stlth+}
rCorr   .            (no gloves)
SInv    .            x - +0 pair of boots
Will    .....        (no amulet) Stlth
                     u - +6 ring of strength
HPRegen 0.39/turn    y - ring of poison resistance
MPRegen 0.11/turn

%: no passive effects
@: berserking (expiring), flux-form, glowing, constricted, studying Short
Blades, very quick
A: glow, contaminating, fangs 1, strong nose, distributed training
a: Begin Untransformation, Renounce Religion, Potion Petition, Call Merchant,
Bribe Branch


You were on level 8 of the Dungeon.
You worshipped Gozag.
Gozag was pleased with you.
You were something dangerously unstable.
You visited 2 branches of the dungeon, and saw 9 of its levels.

You collected 1394 gold pieces.
You spent 91 gold pieces at shops.
You paid 388 gold pieces to Gozag.

Inventory:

Hand Weapons
 d - a +5 short sword
Missiles
 g - 13 poisoned darts (quivered)
 o - 5 curare-tipped darts
Armour
 a - a +0 animal skin
 h - a +0 ring mail (melded)
 m - a +0 scale mail
 s - a +0 chain mail
 x - a +0 pair of boots (worn)
 A - a +0 helmet (worn)
 I - a +1 cloak of stealth (worn)
Jewellery
 u - a +6 ring of strength (left hand)
 y - a ring of poison resistance (right hand)
Talismans
 c - a beast talisman
 e - the flux talisman of Baleful Joy (active) {rPois rC+ rN+++ MP-9}
   (You found it on level 8 of the Dungeon)

   [flux talisman]

   rC+:       It protects you from cold.
   rPois:     It protects you from poison rN+++: It renders you almost immune to
   negative energy.
   MP-9:      It affects your magic capacity (-9).
Wands
 n - a wand of roots (2)
 q - a wand of polymorph (9)
 r - a wand of flame (17)
Scrolls
 f - 3 scrolls of teleportation
 k - a scroll of noise
 t - a scroll of fog
 z - a scroll of poison
 B - 2 scrolls of fear
 D - 2 scrolls of revelation {unknown}
 F - a scroll of butterflies
 H - a scroll of amnesia {unknown}
Potions
 b - 2 potions of lignification
 j - 8 potions of curing
 l - 2 potions of mutation
 v - a potion of magic {unknown}
 w - 3 potions of heal wounds {unknown}
 C - 3 potions of might {unknown}
 E - a potion of brilliance {unknown}


   Skills:
 + Level 6.4 Fighting
 + Level 6.9 Short Blades
 + Level 5.8 Long Blades
 + Level 5.8 Axes
 + Level 5.8 Maces & Flails
 + Level 5.8 Polearms
 + Level 5.8 Staves
 + Level 5.8 Ranged Weapons
 + Level 5.8 Throwing
 + Level 5.8 Armour
 + Level 7.4 Dodging
 + Level 5.8 Stealth
 + Level 5.8 Shields
 + Level 8.8 Unarmed Combat
 + Level 5.8 Spellcasting
 + Level 4.8 Conjurations
 + Level 4.8 Hexes
 + Level 4.8 Summonings
 + Level 4.8 Necromancy
 + Level 4.8 Translocations
 + Level 4.8 Fire Magic
 + Level 4.8 Ice Magic
 + Level 4.8 Air Magic
 + Level 4.8 Earth Magic
 + Level 4.8 Alchemy
 + Level 6.3 Invocations
 + Level 5.8 Evocations
 + Level 8.5 Shapeshifting


You had 20 spell levels left.
You didn't know any spells.
Your spell library contained the following spells:

 Spells                   Type           Power      Damage    Failure   Level
 Scorch                   Fire           24%        2d6       4%          2
 Gell's Gravitas          Tloc           12%        N/A       9%          3
 Teleport Other           Tloc           12%        N/A       9%          3
 Flame Wave               Conj/Fire      12%        2d6       28%         4
 Dispersal                Tloc           6%         N/A       99%         6
 Summon Cactus Giant      Summ           6%         N/A       99%         6


Dungeon Overview and Level Annotations

Branches:
Dungeon (8/15)             Temple (1/1) D:7
   Lair: D:8-11

Altars:
Ashenzari
Cheibriados
Dithmenos
Elyvilon
Fedhas
Gozag
Hepliaklqana
Kikubaaqudgha
Makhleb
Nemelex Xobeh
Okawaru
Qazlal
Ru
Sif Muna
Trog
Uskayaw
Vehumet
Wu Jian
Xom
Yredelemnul
Zin
The Shining One

Shops:
D:5 **

Annotations:
D:8 Erica


Innate Abilities, Weirdness & Mutations

You are something dangerously unstable.
You glow with magical radiation, making you easy to see and hit.
Foes you strike become dangerously contaminated with magical radiation.
You are incapable of wielding weapons or throwing items.
You have very sharp teeth.
Your uncanny sense of smell can sniff out nearby items.
Your experience applies equally to all skills.


Message History

Erica burns you!
* * * LOW HITPOINT WARNING * * *
Erica constricts you.
* * * LOW HITPOINT WARNING * * *
You closely miss Erica. You bite Erica!
Erica is moderately wounded.
You closely miss Erica. You bite Erica.
Erica is heavily wounded.
Erica hits you with a +3 scimitar of flaming.
* * * LOW HITPOINT WARNING * * *
Erica burns you.
* * * LOW HITPOINT WARNING * * *
Erica constricts you.
* * * LOW HITPOINT WARNING * * *
You hit Erica.
Erica glows dangerously bright.
Erica is heavily wounded.
You barely miss Erica.
Erica is heavily wounded.
Erica casts a spell at you. You resist with significant effort.
Erica constricts you.
* * * LOW HITPOINT WARNING * * *
You barely miss Erica.
Erica is heavily wounded.
Erica completely misses you. Erica constricts you.
* * * LOW HITPOINT WARNING * * *
You hit Erica.
Erica shudders as magic cascades through her!
Erica twists and deforms.
Your bite misses something. You closely miss something.
Your bite misses something. Something barely misses you.
You are constricted.
* * * LOW HITPOINT WARNING * * *
You hit something.
Erica begins to glow.
Erica is severely wounded.
You barely miss Erica. You bite Erica.
Erica is severely wounded.
Erica casts a spell at you. You resist with some effort. Erica constricts you.
You die...
Erica begins burbling mirthfully and uncontrollably.
Your body crumbles into a pile of gold.

#.##.### # #.# #.# #......##.#
#.# ##x# ####......#####.####
##... ###.####....)...# ##Y...
##.#.# #.###....## ##.....
###....####.#####...####......
+.........))........>...x......
####....####.####..#..###......
##.#.# #.$px..###.# ##.....
###.# ######..#..# ##.... #.#
##...## ##... #.# ##.## ##+#
#.# #.# #.# .. ##.#########.#
#.........##.# #..#.#........
#..#...##.....


You could see Erica (invisible, contam, misshapen).

Vanquished Creatures
  Jeremiah (D:7)
  A kobold demonologist (D:7)
  Sigmund (D:2)
  A slime creature (D:7)
  A wyvern (D:8)
  9 yaks
  A steam dragon (D:8)
  2 water moccasins
  A sky beast (D:7)
  4 phantoms
  4 bullfrogs
  5 scorpions
  7 wights
  15 killer bees (D:8)
  A howler monkey (D:3)
  4 hounds
  9 orc priests
  Crazy Yiuf (D:7)
  5 iguanas
  9 orc wizards
  7 gnolls
  A river rat (D:5)
  8 adders
  A shadow imp (D:6)
  A white imp (D:7)
  3 ribbon worms
  3 dart slugs
  38 orcs
  9 bats
  4 endoplasms
  4 giant cockroaches
  5 goblins
  8 hobgoblins
  3 jackals (D:3)
  6 quokkas
  15 ball pythons
  4 frilled lizards
  8 kobolds
  8 rats
218 creatures vanquished.

Notes
Turn   | Place    | Note
-------+----------+-------------------------------------------
     0 | D:1      | monsoonserge the Gnoll Shapeshifter began the quest for the
                  | Orb.
     0 | D:1      | Reached XP level 1. HP: 17/17 MP: 1/1
   184 | D:1      | Reached XP level 2. HP: 23/23 MP: 2/2
   431 | D:1      | Reached XP level 3. HP: 27/28 MP: 3/3
   861 | D:2      | Noticed Sigmund
   880 | D:2      | Killed Sigmund
   881 | D:2      | Reached skill level 1 in Short Blades
   881 | D:2      | Reached skill level 1 in Long Blades
   881 | D:2      | Reached skill level 1 in Axes
   881 | D:2      | Reached skill level 1 in Maces & Flails
   881 | D:2      | Reached skill level 1 in Polearms
   881 | D:2      | Reached skill level 1 in Staves
   881 | D:2      | Reached skill level 1 in Ranged Weapons
   881 | D:2      | Reached skill level 1 in Throwing
   881 | D:2      | Reached skill level 1 in Armour
   881 | D:2      | Reached skill level 1 in Stealth
   881 | D:2      | Reached skill level 1 in Shields
   881 | D:2      | Reached skill level 1 in Spellcasting
   881 | D:2      | Reached skill level 1 in Conjurations
   881 | D:2      | Reached skill level 1 in Hexes
   881 | D:2      | Reached skill level 1 in Summonings
   881 | D:2      | Reached skill level 1 in Necromancy
   881 | D:2      | Reached skill level 1 in Translocations
   881 | D:2      | Reached skill level 1 in Fire Magic
   881 | D:2      | Reached skill level 1 in Ice Magic
   881 | D:2      | Reached skill level 1 in Air Magic
   881 | D:2      | Reached skill level 1 in Earth Magic
   881 | D:2      | Reached skill level 1 in Alchemy
   881 | D:2      | Reached skill level 1 in Invocations
   881 | D:2      | Reached skill level 1 in Evocations
   881 | D:2      | Reached XP level 4. HP: 20/35 MP: 4/6
   881 | D:2      | Reached XP level 5. HP: 24/41 MP: 4/7
  1022 | D:2      | Reached XP level 6. HP: 41/47 MP: 8/8
  1318 | D:2      | Reached skill level 5 in Dodging
  2609 | D:4      | Reached XP level 7. HP: 28/52 MP: 10/10
  3156 | D:4      | Found an opulent altar of Gozag.
  3166 | D:4      | Became a worshipper of Gozag Ym Sagoz the Greedy
  3199 | D:4      | Found a white marble altar of Elyvilon.
  3464 | D:5      | Entered Level 5 of the Dungeon
  3478 | D:5      | Reached XP level 8. HP: 58/60 MP: 12/12
  3858 | D:5      | Found a sacrificial altar of Ru.
  4056 | D:5      | Found Migaug's General Store.
  4057 | D:5      | Found Gavu's Specific Store.
  4061 | D:5      | Bought a scroll of teleportation for 39 gold pieces
  4061 | D:5      | Bought a scroll of fear for 52 gold pieces
  4209 | D:5      | You fall into a shaft and drop 1 floor!
  5169 | D:6      | Found a burning altar of Makhleb.
  5179 | D:6      | Found a glowing silver altar of Zin.
  5180 | D:6      | Noticed a green death
  5180 | D:6      | Noticed an angel
  5258 | D:6      | Noticed a rust devil
  5258 | D:6      | Noticed a rust devil
  5610 | D:6      | Reached XP level 9. HP: 38/66 MP: 14/14
  5951 | D:7      | Found a staircase to the Ecumenical Temple.
  5958 | Temple   | Entered the Ecumenical Temple
  5992 | D:7      | Reached skill level 5 in Fighting
  6113 | D:7      | Noticed Jeremiah
  6132 | D:7      | Killed Jeremiah
  6133 | D:7      | Reached skill level 5 in Invocations
  6299 | D:7      | Reached skill level 5 in Short Blades
  6365 | D:7      | Found a runed translucent door.
  6366 | D:7      | Noticed Crazy Yiuf
  6374 | D:7      | Killed Crazy Yiuf
  6596 | D:7      | Noticed a kobold demonologist
  6617 | D:7      | Noticed a sun demon
  6624 | D:7      | Killed a kobold demonologist
  6830 | D:7      | Found a bloodstained altar of Trog.
  6911 | D:7      | Reached skill level 5 in Long Blades
  6911 | D:7      | Reached skill level 5 in Axes
  6911 | D:7      | Reached skill level 5 in Maces & Flails
  6911 | D:7      | Reached skill level 5 in Polearms
  6911 | D:7      | Reached skill level 5 in Staves
  6911 | D:7      | Reached skill level 5 in Ranged Weapons
  6911 | D:7      | Reached skill level 5 in Throwing
  6911 | D:7      | Reached skill level 5 in Armour
  6911 | D:7      | Reached skill level 5 in Stealth
  6911 | D:7      | Reached skill level 5 in Shields
  6911 | D:7      | Reached skill level 5 in Spellcasting
  6911 | D:7      | Reached skill level 5 in Evocations
  6911 | D:7      | Reached XP level 10. HP: 46/76 MP: 17/17
  7144 | D:8      | Identified the flux talisman of Baleful Joy {rPois rC+
                  | rN+++ MP-9}
  7687 | D:8      | Noticed Erica
  7923 | D:8      | HP: 5/115 [constriction (3)]
  7926 | D:8      | HP: 2/115 [something (2)]
  7928 | D:8      | Constricted to death by Erica

Illustrated notes

Levels and vault maps discovered:
D:1:      orjb1_clovarrival, layout_loops_ring
D:2:      layout_rooms, hangedman_glass_teeth, uniq_sigmund
D:3:      layout_loops_corners, grunt_ministairs_6
D:4:      layout_cave_pools, kennysheep_little_box, elyvilon_altar_5,
          guppyfry_early_orc_mine
D:5:      layout_loops_corners, nicolae_ru_great_annihilating_truth,
          portal_sewer_entry_e, nicolae_specific_store
D:6:      cheibrodos_iron_armory, layout_basic,
          grunt_temple_overflow_order_and_chaos_2
D:7:      layout_layer_cave, bloody_trog, minmay_temple_entry_tees,
          minmay_manual_mess, uniq_crazy_yiuf_cottage, uniq_jeremiah
D:8:      layout_loops_corners, grunt_ministairs_14, uniq_erica
Temple:   nicolae_temple_elliptical

Skill      XL: |  1  2  3  4  5  6  7  8  9 10 |
---------------+-------------------------------+-----
Fighting       | 3 4 5 6 |  6.4
Short Blades   | 1 2 3 5 6 |  6.9
Long Blades    | 1 2 3 5 |  5.8
Axes           | 1 2 3 5 |  5.8
Maces & Flails | 1 2 3 5 |  5.8
Polearms       | 1 2 3 5 |  5.8
Staves         | 1 2 3 5 |  5.8
Ranged Weapons | 1 2 3 5 |  5.8
Throwing       | 1 2 3 5 |  5.8
Armour         | 1 2 3 5 |  5.8
Stealth        | 1 2 3 5 |  5.8
Shields        | 1 2 3 5 |  5.8
Spellcasting   | 1 2 3 5 |  5.8
Conjurations   | 1 2 3 4 |  4.8
Hexes          | 1 2 3 4 |  4.8
Summonings     | 1 2 3 4 |  4.8
Necromancy     | 1 2 3 4 |  4.8
Translocations | 1 2 3 4 |  4.8
Fire Magic     | 1 2 3 4 |  4.8
Ice Magic      | 1 2 3 4 |  4.8
Air Magic      | 1 2 3 4 |  4.8
Earth Magic    | 1 2 3 4 |  4.8
Alchemy        | 1 2 3 4 |  4.8
Invocations    | 1 2 3 4 5 6 |  6.3
Evocations     | 1 2 3 5 |  5.8
Dodging        | 5 6 7 |  7.4
Unarmed Combat | 7 8 |  8.8
Shapeshifting  | 7 8 |  8.5

Action                     |  1- 3 |  4- 6 |  7- 9 | 10-12 || total
---------------------------+-------+-------+-------+-------++-------
  Melee: Unarmed           |    59 |   123 |   407 |   175 ||   764
         Bite              |     3 |     6 |    38 |    26 ||    73
         Punch             |     1 |     4 |       |       ||     5
  Throw: Dart              |     3 |       |       |       ||     3
 Invoke: Potion Petition   |       |       |       |     1 ||     1
  Evoke: Wand              |       |       |     1 |       ||     1
    Use: Scroll            |       |       |     5 |       ||     5
         Potion            |       |       |     1 |       ||     1
   Stab: Distracted        |       |       |     1 |     2 ||     3
         Sleeping          |       |       |     1 |       ||     1
 Armour: Animal skin       |     2 |       |       |       ||     2
         Ring mail         |    22 |    38 |       |       ||    60
         Skin              |       |    15 |   153 |    69 ||   237
  Dodge: Dodged            |    42 |    70 |   256 |   142 ||   510
   Form: Flux              |       |     1 |       |     1 ||     2
